 Dungeon Crawl Stone Soup version 0.25.1-2-g60ff931df9 (webtiles) character file.

Game seed: 1901863524800958402

64 Descartes the Covered (level 4, -10/35 HPs)
             Began as a Formicid Chaos Knight on Aug 14, 2020.
             Was a Plaything of Xom.
             Mangled by an ogre
             ... wielding a +0 giant club
              (25 damage)
             ... on level 3 of the Dungeon.
             The game lasted 00:05:15 (2064 turns).

Descartes the Covered (Formicid Chaos Knight)       Turns: 2064, Time: 00:05:16

Health: -10/35     AC:  9    Str: 17    XL:     4   Next: 32%
Magic:  3/3        EV:  9    Int: 11    God:    Xom [......]
Gold:   191        SH:  0    Dex: 11    Spells: 3/3 levels left

rFire    . . .     SeeInvis +   a - +0 falchion (chaos)
rCold    . . .     Gourm    .   (no shield)
rNeg     . . .     Faith    .   q - +0 scale mail
rPois    .         Spirit   .   (helmet unavailable)
rElec    .         Reflect  .   (no cloak)
rCorr    .         Harm     .   i - +0 pair of gloves
MR       .....                  r - +0 pair of boots
Stlth    ..........             (no amulet)
HPRegen  0.11/turn              (no ring)
MPRegen  0.08/turn              (no ring)

@: drained
A: permanent stasis, dig shafts and tunnels, four strong arms, antennae 3, low
mp 1
a: Dig, Shaft Self, Renounce Religion


You were on level 3 of the Dungeon.
You worshipped Xom.
You were a very special plaything of Xom.
You were not hungry.

You visited 1 branch of the dungeon, and saw 3 of its levels.

You collected 191 gold pieces.

Inventory:

Hand Weapons
 a - a +0 falchion of chaos (weapon)
 o - a +0 hunting sling
Missiles
 k - 32 arrows
 l - 23 sling bullets
 m - 120 stones (quivered)
Armour
 b - a +2 leather armour
 i - a +0 pair of gloves (worn)
 q - a +0 scale mail (worn)
 r - a +0 pair of boots (worn)
Scrolls
 f - 3 scrolls of blinking {unknown}
 g - a scroll of magic mapping {unknown}
 h - a scroll of fear {unknown}
 j - 2 scrolls of identify {unknown}
 p - 2 scrolls of remove curse {unknown}
Potions
 d - 2 potions of might {unknown}
 e - a potion of heal wounds {unknown}
 n - a potion of brilliance {unknown}
Comestibles
 c - 6 rations
 s - a chunk of flesh


   Skills:
 - Level 3.2(2.3) Fighting
 - Level 3.0(2.0) Long Blades
 + Level 4.7(3.7) Armour
 - Level 0.8(0.0) Dodging


You had 3 spell levels left.
You didn't know any spells.
Your spell library was empty.

Dungeon Overview and Level Annotations

Branches:
Dungeon (3/15)

Altars:
Cheibriados


Innate Abilities, Weirdness & Mutations

You cannot be hasted, slowed, berserked, paralysed or teleported.
You can dig through walls and to a lower floor.
Your four strong arms can wield two-handed weapons with a shield.
You have a pair of large antennae on your head. (SInv)
Your magical capacity is low. (-10% MP)


Message History

You see here a frilled lizard skeleton.
There is an escape hatch in the ceiling here.
A mysterious force pulls you upwards. The hatch slams shut behind you.
There is a stone staircase leading down here.
You climb downwards.
An ogre comes into view. It is wielding a +0 giant club.
The ogre shouts!
You hear a shout!
Found a scale mail and 4 gold pieces.
There is a stone staircase leading up here.
The ogre hits you with a +0 giant club!!
Ouch! That really hurt!
You are too injured to fight recklessly!
You are too injured to fight recklessly!
You are too injured to fight recklessly!
You hit the ogre.
The ogre is lightly wounded.
The ogre hits you with a +0 giant club!!
Ouch! That really hurt!
You die...
Xom giggles madly!

..# . # ..# .. #.
...# .#.##. ...#
......#####...###
.............$...
#...............
#...O@.<.......
##.#####....#.# #
[...#$ # #....#.
### # { #......
..# #
#....#.###.# # {
#..#....##.# #
#...##.##.####
#.##.##.....


You could see an ogre.

Vanquished Creatures
  Robin (D:1)
  A dart slug (D:1)
  2 bats
  4 giant cockroaches (D:1)
  10 hobgoblins
  4 kobolds
  A quokka (D:2)
  5 frilled lizards
  14 goblins
  4 rats (D:1)
46 creatures vanquished.

Notes
Turn   | Place    | Note
-------+----------+-------------------------------------------
     0 | D:1      | Descartes the Formicid Chaos Knight began the quest for the
                  | Orb.
     0 | D:1      | Reached XP level 1. HP: 18/18 MP: 1/1
    55 | D:1      | XOM: silly message
    86 | D:1      | XOM: silly message
   231 | D:1      | XOM is BORED!
   231 | D:1      | XOM: silly message
   251 | D:1      | Reached XP level 2. HP: 23/24 MP: 2/2
   271 | D:1      | XOM: silly message
   286 | D:1      | Reached skill level 3 in Armour
   375 | D:1      | XOM: potion effect (curing)
   667 | D:1      | Reached XP level 3. HP: 22/29 MP: 3/3
  1056 | D:2      | Noticed Robin
  1068 | D:1      | Killed Robin
  1068 | D:1      | Reached skill level 4 in Armour
  1153 | D:1      | XOM: draining
  1246 | D:2      | Reached XP level 4. HP: 35/35 MP: 4/4
  1633 | D:2      | XOM: give mutation
  1633 | D:2      | Gained mutation: Your magical capacity is low. (-10% MP)
                  | [Xom's mischief]
  1690 | D:2      | XOM: summons 4 hostile shadow creatures
  1879 | D:2      | Found a snail-covered altar of Cheibriados.
  2061 | D:3      | Noticed an ogre
  2064 | D:3      | Mangled by an ogre

Illustrated notes

Levels and vault maps discovered:
D:1:      onia_arrival_mini_maze_b, layout_basic, ebering_dispersal_statue_hall
D:2:      layout_basic, nicolae_overflow_crystal_walls, uniq_robin
D:3:      layout_loops_cross, minmay_overflow_temple_star_quad

Skill      XL: |  1  2  3 |
---------------+----------+-----
Armour         | 3 4 |  4.7
Fighting       | |  3.2
Long Blades    | |  3.0
Dodging        | |  0.8

Action                   |  1- 3 |  4- 6 || total
-------------------------+-------+-------++-------
Melee: Falchion          |    73 |    50 ||   123
 Abil: Dig               |     5 |     1 ||     6
 Stab: Petrifying        |     1 |       ||     1
  Eat: Chunk             |     2 |     2 ||     4
Armor: Leather armour    |    29 |    22 ||    51
       Scale mail        |       |     4 ||     4
Dodge: Dodged            |    51 |    43 ||    94
       Rpst.: Falchion   |    20 |    10 ||    30
